 Dungeon Crawl Stone Soup version 0.19-a0-1937-g70ed36a (webtiles) character file.

3867 Ijustatesigmund the Basher (level 9, -3/74 HPs)
             Began as a Minotaur Wizard on Oct 25, 2016.
             Was a Follower of Cheibriados.
             Slain by a troll (11 damage)
             ... on level 9 of the Dungeon on Oct 26, 2016.
             The game lasted 00:32:11 (12520 turns).

Ijustatesigmund the Basher (Minotaur Wizard)       Turns: 12520, Time: 00:32:11

Health: -3/74      AC:  6    Str: 13    XL:     9   Next: 99%
Magic:  2/11       EV: 12    Int: 25    God:    Cheibriados [*.....]
Gold:   386        SH:  5    Dex: 15    Spells: 4 memorised, 4 levels left

rFire  . . .     SeeInvis .     F - +0 flail
rCold  . . .     Gourm    .     j - +1 leather armour {MR+}
rNeg   . . .     Faith    .     p - +0 buckler
rPois  .         Spirit   .     b - +0 hat
rElec  .         Reflect  .     (no cloak)
rCorr  .         Harm     .     y - +1 pair of gloves
MR     +....                    (no boots)
Stlth  ++........               (no amulet)
                                (no ring)
                                m - +3 ring of intelligence

@: brilliant, flying, very slightly contaminated, repel missiles, very slow
A: retaliatory headbutt, horns 2
a: Bend Time, Renounce Religion


You were on level 9 of the Dungeon.
You worshipped Cheibriados.
Cheibriados was aware of your devotion.
You were not hungry.

You visited 2 branches of the dungeon, and saw 11 of its levels.

You collected 386 gold pieces.

Inventory:

Hand Weapons
 l - a +2 short sword of holy wrath
 n - a +0 whip of freezing
 F - a +0 flail (weapon)
Armour
 b - a +0 hat (worn)
 i - a cursed +0 chain mail
 j - a +1 leather armour of magic resistance (worn)
 p - a +0 buckler (worn)
 y - a +1 pair of gloves (worn)
Jewellery
 m - a +3 ring of intelligence (left hand)
Wands
 f - a wand of random effects (25/48)
 z - a wand of flame (10/48)
 B - a wand of acid (0/15)
Scrolls
 a - a scroll of recharging
 g - 4 scrolls of remove curse
 u - a scroll of fog
 D - a scroll of immolation
Potions
 h - a potion of mutation
 o - a potion of berserk rage {unknown}
 q - a potion of flight
 r - a potion of lignification {unknown}
 s - a potion of cure mutation {unknown}
 E - a potion of beneficial mutation {unknown}
Books
 c - a book of Minor Magic

   Spells                             Type                      Level
   a - Magic Dart                     Conjuration                  1
   b - Blink                          Translocation                2
   c - Call Imp                       Summoning                    2
   d - Repel Missiles                 Charms/Air                   2
   e - Slow                           Hexes                        2
   f - Conjure Flame                  Conjuration/Fire             3
   g - Mephitic Cloud                 Conjuration/Poison/Air       3
Comestibles
 d - a bread ration
 w - 3 meat rations


   Skills:
 + Level 5.3 Fighting
 - Level 8.3 Maces & Flails
 - Level 2.1 Dodging
 - Level 1.5 Stealth
 - Level 4.9 Shields
 + Level 2.4 Spellcasting
 - Level 5.5 Conjurations
   Level 0.6 Summonings
 - Level 2.5 Translocations
 - Level 3.0 Air Magic
 - Level 3.0 Poison Magic
 - Level 3.0 Invocations


You had 4 spell levels left.
You knew the following spells:

 Your Spells              Type           Power        Failure   Level  Hunger
a - Magic Dart            Conj           ####         1%          1    None
b - Blink                 Tloc           N/A          1%          2    ##.....
c - Repel Missiles        Chrm/Air       ####..       1%          2    ##.....
d - Mephitic Cloud        Conj/Pois/Air  #####...     1%          3    ###....


Dungeon Overview and Level Annotations

Branches:
Dungeon (10/15)            Temple (1/1) D:5
   Lair: D:8-11         Orc: D:9-12

Altars:
Ashenzari
Cheibriados
Dithmenos
Elyvilon
Fedhas
Gozag
Hepliaklqana
Kikubaaqudgha
Makhleb
Nemelex Xobeh
Okawaru
Qazlal
Ru
Sif Muna
Trog
Uskayaw
Vehumet
Xom
Yredelemnul
Zin
The Shining One


Innate Abilities, Weirdness & Mutations

You reflexively headbutt those who attack you in melee.
You have a pair of horns on your head.


Message History

The troll is lightly wounded.
The crimson imp closely misses you. The troll bites you. The troll claws you.
You block the troll's attack.
You hit the troll.
The troll is moderately wounded.
The crimson imp blinks!
The troll bites you!
* * * LOW HITPOINT WARNING * * *
The troll closely misses you. The troll claws you.
* * * LOW HITPOINT WARNING * * *
Casting: Magic Dart
Confirm with . or Enter, or press ? or * to list all spells.
You blink.
You don't have enough magic at the moment.
It was a potion of flight.
You feel very buoyant.
You fly up into the air.
It was a potion of brilliance.
You feel clever all of a sudden. The troll barely misses you.
The troll claws you!
You die...

#.)%#
%..####.#####
.%..>..(....#
..#..)(.....#
#...5.....#####
#.............#
###.........###.+
#........(T.#
..#.......@.#
.##.........#
####.###### #..#
##'######
#.......#
#######+#
+.......#
#........
#.......#
#........
#.......#
###>.......


You could see a troll and a crimson imp.

Vanquished Creatures
  Pikel (D:6)
  Prince Ribbit (D:6)
  Eustachio (D:4)
  Duvessa (D:7)
  4 orc warriors
  3 phantoms
  An ice beast (D:8)
  3 slaves
  A black bear (D:6)
  2 centaurs
  7 ogres
  A crocodile (D:8)
  A big kobold (D:9)
  2 bullfrogs
  Dowan (D:7)
  5 scorpions
  5 howler monkeys
  A bullfrog zombie (D:10)
  3 crimson imps
  A hound (D:7)
  3 orc priests
  A centaur skeleton (D:7)
  5 orc wizards
  Jessica (D:2)
  4 worker ants
  8 adders
  2 oozes
  A worm (D:3)
  2 dart slugs (D:2)
  4 leopard geckos
  21 orcs
  2 giant cockroaches
  7 goblins
  5 hobgoblins
  3 jackals (D:1)
  3 quokkas
  2 ball pythons
  2 bats (D:1)
  4 frilled lizards
  10 kobolds
  A leopard gecko zombie (D:7)
  A quokka zombie (D:5)
  4 rats
141 creatures vanquished.

Vanquished Creatures (others)
  A two-headed ogre (D:8)
  A slave (D:8)
2 creatures vanquished.

Grand Total: 143 creatures vanquished

Notes
Turn   | Place    | Note
-------+----------+-------------------------------------------
     0 | D:1      | Ijustatesigmund the Minotaur Wizard began the quest for the Orb.
     0 | D:1      | Reached XP level 1. HP: 14/14 MP: 2/2
    64 | D:1      | Reached skill level 1 in Fighting
   335 | D:1      | Reached XP level 2. HP: 24/24 MP: 0/4
   339 | D:1      | Learned a level 2 spell: Blink
   345 | D:1      | Learned a level 2 spell: Repel Missiles
   760 | D:1      | Reached XP level 3. HP: 21/31 MP: 5/5
   969 | D:2      | Found a sacrificial altar of Ru.
  1000 | D:2      | Noticed Jessica
  1016 | D:2      | Killed Jessica
  1215 | D:2      | Reached XP level 4. HP: 27/41 MP: 6/6
  2014 | D:2      | Upgraded the game from 0.19-a0-1932-g59670f6 to 0.19-a0-1937-g70ed36a
  2432 | D:3      | Reached skill level 1 in Translocations
  2597 | D:3      | You fall through a shaft for 2 floors!
  2597 | D:5      | Entered Level 5 of the Dungeon
  2712 | D:4      | Noticed an ogre
  3032 | D:4      | Killed an ogre
  3032 | D:4      | Reached XP level 5. HP: 20/47 MP: 2/7
  3610 | D:4      | Noticed Eustachio
  3925 | D:5      | Found a staircase to the Ecumenical Temple.
  3934 | Temple   | Entered the Ecumenical Temple
  4132 | D:5      | Noticed a centaur
  4145 | D:5      | Killed a centaur
  4145 | D:5      | Reached XP level 6. HP: 19/55 MP: 8/8
  4682 | D:5      | Found a glowing golden altar of the Shining One.
  4959 | D:6      | Noticed a slave
  4960 | D:6      | Noticed a slave
  4984 | D:5      | Killed a slave
  5252 | D:6      | Reached skill level 1 in Maces & Flails
  5272 | D:6      | Reached skill level 2 in Maces & Flails
  5604 | D:6      | Noticed a slave
  5604 | D:6      | Noticed a slave
  5624 | D:6      | Killed a slave
  5624 | D:6      | Killed a slave
  5678 | D:6      | Noticed Pikel
  5899 | D:6      | Noticed Prince Ribbit
  6187 | D:5      | Reached XP level 7. HP: 41/60 MP: 9/9
  6298 | D:6      | Killed Prince Ribbit
  6298 | D:6      | Reached skill level 5 in Maces & Flails
  6587 | D:6      | Killed Pikel
  6587 | D:6      | Reached skill level 7 in Maces & Flails
  6587 | D:6      | Reached XP level 8. HP: 53/67 MP: 10/10
  6709 | D:6      | Reached skill level 8 in Maces & Flails
  7264 | D:7      | Reached skill level 1 in Conjurations
  7719 | D:7      | Noticed Duvessa
  7721 | D:7      | Noticed Dowan
  7974 | D:6      | Reached XP level 9. HP: 29/73 MP: 11/11
  8321 | D:4      | Killed Eustachio
  8321 | D:4      | Reached skill level 5 in Conjurations
  8328 | D:4      | Learned a level 3 spell: Mephitic Cloud
  8688 | D:7      | Killed Dowan
  8688 | D:7      | Reached skill level 1 in Air Magic
  8688 | D:7      | Reached skill level 1 in Poison Magic
  8733 | D:7      | Killed Duvessa
  9222 | Temple   | Became a worshipper of Cheibriados the Contemplative
  9824 | D:7      | Reached skill level 1 in Invocations
 11504 | D:8      | Reached * piety under Cheibriados
 11742 | D:8      | Reached skill level 5 in Fighting
 12384 | D:10     | Entered Level 10 of the Dungeon
 12404 | D:10     | Got an ancient spear
 12410 | D:9      | Identified the cursed +1 spear "Goerir" {pierce, MR++} (You found it on level 10 of the Dungeon)
 12452 | D:9      | Noticed a troll
 12520 | D:9      | Slain by a troll

Vault maps used:
D:1:      dpeg_arrival_fog
D:2:      small_statue_intersection, nicolae_ru_awakened_eye, uniq_jessica
D:3:      first_bread
D:4:      uniq_eustachio
D:5:      minmay_holes, minivault_23, kennysheep_minor_cross,
          nicolae_tso_carved_into_rock
D:6:      minmay_klotski, uniq_prince_ribbit1, uniq_pikel
D:7:      uniq_duvessa
D:8:      minmay_misc_feat_square
D:9:      lair_0_dummy, blue_anna_alchemist, uniq_joseph
D:10:     kennysheep_flooded_box
Temple:   minmay_crystal_snake_temple

Skill      XL: |  1  2  3  4  5  6  7  8  9 |
---------------+----------------------------+-----
Fighting       | 2 3 4 5 |  5.3
Translocations | 1 2 |  2.5
Shields        | 2 3 4 |  4.9
Maces & Flails | 2 7 8 |  8.3
Conjurations   | 4 5 |  5.5
Air Magic      | 3 |  3.0
Poison Magic   | 3 |  3.0
Invocations    | 3 |  3.0
Dodging        | |  2.1
Stealth        | |  1.5
Spellcasting   | |  2.4
Summonings     | |  0.6

Action                   |  1- 3 |  4- 6 |  7- 9 || total
-------------------------+-------+-------+-------++-------
Melee: Short sword       |    10 |       |    20 ||    30
       Dagger            |     3 |       |       ||     3
       Spear             |    70 |   181 |       ||   251
       Headbutt          |     7 |    30 |    71 ||   108
       Mace              |       |       |    24 ||    24
       Whip              |       |       |   297 ||   297
       Flail             |       |       |   125 ||   125
Throw: Tomahawk          |       |     1 |     4 ||     5
 Cast: Magic Dart        |    15 |     8 |    35 ||    58
       Repel Missiles    |     1 |     1 |       ||     2
       Blink             |       |       |     8 ||     8
       Mephitic Cloud    |       |       |     7 ||     7
Evoke: Wand              |       |     5 |    11 ||    16
  Use: Scroll            |       |    10 |     6 ||    16
       Potion            |       |     3 |    10 ||    13
 Stab: Sleeping          |       |     6 |     1 ||     7
       Confused          |       |       |     1 ||     1
  Eat: Chunk             |     1 |     9 |     9 ||    19
       Beef jerky        |       |     1 |     2 ||     3
       Pizza             |       |     1 |       ||     1
       Royal jelly       |       |     2 |       ||     2
       Fruit             |       |     1 |       ||     1
       Bread ration      |       |       |     2 ||     2
Armor: Robe              |    14 |    32 |     4 ||    50
       Leather armour    |       |       |    48 ||    48
Dodge: Dodged            |    54 |    67 |   208 ||   329
       Deflected         |       |     4 |     2 ||     6
Block: Buckler           |       |    13 |    68 ||    81
